 Dungeon Crawl Stone Soup version 0.30-a0-141-g30f27751c5 (webtiles) character file.

Game seed: 17955119024928388158

116 qw the Chopper (level 5, 0/32 HPs)
             Began as a Gargoyle Fighter on Sept 24, 2022.
             Slain by an orc wizard
             ... wielding a +0 dagger
              (2 damage)
             ... on level 3 of the Dungeon.
             The game lasted 00:01:08 (2834 turns).

qw the Chopper (Gargoyle Fighter)                   Turns: 2834, Time: 00:01:08

Health: 0/32       AC: 10    Str: 28    XL:     5   Next: 1%
Magic:  5/5        EV:  9    Int:  8    God:
Gold:   137        SH:  4    Dex:  9    Spells: 4/4 levels left

rFire   . . .      SeeInvis .    Y - +0 war axe
rCold   . . .      Faith    .    c - +0 buckler
rNeg    + . .      Spirit   .    b - +0 scale mail
rPois   inf        Reflect  .    (no helmet)
rElec   +          Harm     .    (no cloak)
rCorr   .          Rampage  .    (no gloves)
Will    .....                    (no boots)
Stlth   ..........               (no amulet)
HPRegen 0.10/turn                e - +6 ring of strength
MPRegen 0.09/turn                (no ring)

@: no status effects
A: sickness immunity, AC +4, negative energy resistance 1, electricity
resistance, torment resistance 1, petrification resistance
a: no special abilities


You were on level 3 of the Dungeon.
You visited 1 branch of the dungeon, and saw 3 of its levels.

You collected 137 gold pieces.


Innate Abilities, Weirdness & Mutations

You are immune to sickness and miasma.
Your stone body is resilient. (AC +4)
You are immune to poison.
You resist negative energy. (rN+)
You are resistant to electric shocks. (rElec)
You are resistant to unholy torment.
You are immune to petrification.


   Skills:
 - Level 3.2 Fighting
 + Level 4.5 Axes
 - Level 3.2 Armour
 - Level 3.2 Shields


You had 4 spell levels left.
You didn't know any spells.
Your spell library was empty.

Inventory:

Hand Weapons
 k - a +0 whip
 Y - a +0 war axe (weapon)
Armour
 b - a +0 scale mail (worn)
 c - a +0 buckler (worn)
 h - a +0 pair of boots
Jewellery
 e - a +6 ring of strength (left hand)
Scrolls
 a - a scroll of identify
Potions
 d - a potion of might
 f - a potion of ambrosia {unknown}
 g - a potion of degeneration {unknown}
 j - a potion of lignification
 l - a potion of magic {unknown}
 m - a potion of attraction {unknown}

Dungeon Overview and Level Annotations

Branches:
Dungeon (3/15)

Altars:
Uskayaw
Vehumet


Message History

You closely miss something. Something hits you.
You miss something. Something hits you but does no damage.
You slash something! Something hits you.
You miss something. Something hits you but does no damage.
You hear some strange, mumbled words.
A magic dart appears from out of thin air!
The magic dart hits you but does no damage.
You closely miss something. Something hits you but does no damage.
You miss something. Something hits you but does no damage.
You miss something. Something hits you but does no damage.
You hear some strange, mumbled words.
A puff of flame appears from out of thin air!
The puff of flame hits you.
You barely miss something.
You hear some strange, mumbled words.
Something tries to affect you, but you resist.
You miss something. Something hits you but does no damage.
You closely miss something.
Something hits you but does no damage. x2
You miss something. Something hits you but does no damage.
You miss something. You block something's attack.
You closely miss something.
You hear some strange, mumbled words.
A magic dart appears from out of thin air!
The magic dart hits you! Something hits you but does no damage.
You miss something.
An orc wizard appears from thin air!
Reactivating autopickup.
The orc wizard hits you with a +0 dagger.
You die...

##############
#......o.....#
.#####
#.##.)@#
......
#.##...#
......
#.##...#
..~~~~
#.##...#
......
#.##...##
.#####
#.......# #..#
.....
####.?..# #..#
.#### #....#
..# #. #....#
... #.


You could see an orc wizard.

Vanquished Creatures
  An orc wizard (D:3)
  An adder (D:3)
  2 worms (D:2)
  A dart slug (D:1)
  7 orcs (D:3)
  10 endoplasms
  4 giant cockroaches
  7 goblins
  A hobgoblin (D:2)
  13 kobolds
  4 ball pythons
  8 bats
  4 frilled lizards
  5 rats
68 creatures vanquished.

Notes
Turn   | Place    | Note
-------+----------+-------------------------------------------
     0 | D:1      | qw the Gargoyle Fighter began the quest for the Orb.
     0 | D:1      | Reached XP level 1. HP: 14/14 MP: 1/1
     0 | D:1      | 0 ||| qw: Version: 0.1.0-9-gbc19398
     0 | D:1      | 0 ||| qw: Game counter: 60
     0 | D:1      | 0 ||| qw: Always use a shield: true
     0 | D:1      | 0 ||| qw: God list: Okawaru
     0 | D:1      | 0 ||| qw: Allow faded altars: false
     0 | D:1      | 0 ||| qw: Do Orc after D:15 true
     0 | D:1      | 0 ||| qw: Do second Lair branch before Depths: true
     0 | D:1      | 0 ||| qw: Lair rune preference: random
     0 | D:1      | 0 ||| qw: Plans: Normal, Zot:1-4, God:TSO, Crypt, Tomb,
                  | Pan, Slime:5, Hells, Abyss, Orb
     0 | D:1      | 0 ||| PLANNING D:1-11
    75 | D:1      | Reached skill level 2 in Axes
   353 | D:1      | 353 ||| Stepping ~*~*~tactically~*~*~ (stealth).
   362 | D:1      | Reached XP level 2. HP: 16/19 MP: 2/2
   410 | D:1      | 410 ||| Stepping ~*~*~tactically~*~*~ (stealth).
   699 | D:1      | Reached skill level 3 in Axes
   729 | D:1      | Reached XP level 3. HP: 21/23 MP: 3/3
   756 | D:1      | 756 ||| DROPPING +0 club.
  1337 | D:1      | 1337 ||| UPGRADING to +6 ring of strength.
  1338 | D:1      | 1338 ||| READING 2 scrolls labelled ZOAPRU YRIL.
  1339 | D:1      | 1339 ||| READING scroll labelled HEEHAA CUEKH.
  1340 | D:1      | 1340 ||| READING scroll labelled RARPHE XI EZUL.
  1341 | D:1      | 1341 ||| READING scroll labelled WUXTOLU MOYSK.
  1370 | D:2      | 1370 ||| STAIRDANCE
  1494 | D:2      | 1494 ||| Stepping ~*~*~tactically~*~*~ (stealth).
  1673 | D:2      | 1673 ||| Stepping ~*~*~tactically~*~*~ (stealth).
  1719 | D:2      | 1719 ||| Stepping ~*~*~tactically~*~*~ (stealth).
  1842 | D:2      | 1842 ||| Stepping ~*~*~tactically~*~*~ (stealth).
  1844 | D:2      | 1844 ||| Stepping ~*~*~tactically~*~*~ (stealth).
  1974 | D:2      | 1974 ||| Stepping ~*~*~tactically~*~*~ (stealth).
  1993 | D:2      | 1993 ||| Stepping ~*~*~tactically~*~*~ (stealth).
  2004 | D:2      | 2004 ||| Stepping ~*~*~tactically~*~*~ (stealth).
  2059 | D:2      | Reached XP level 4. HP: 28/28 MP: 4/4
  2345 | D:2      | Found a faded altar of an unknown god.
  2392 | D:2      | 2392 ||| READING scroll labelled RAPUFI WILIN.
  2397 | D:2      | 2397 ||| DRINKING 2 murky amethyst potions.
  2425 | D:2      | 2425 ||| READING 2 scrolls of identify.
  2425 | D:2      | 2425 ||| IDENTIFYING blue potion
  2426 | D:2      | 2426 ||| DROPPING potion of invisibility.
  2491 | D:3      | Reached skill level 4 in Axes
  2494 | D:3      | 2494 ||| Stepping ~*~*~tactically~*~*~ (hiding).
  2647 | D:3      | Found a hide-covered altar of Uskayaw.
  2653 | D:3      | 2653 ||| Stepping ~*~*~tactically~*~*~ (stealth).
  2656 | D:3      | 2656 ||| Stepping ~*~*~tactically~*~*~ (stealth).
  2733 | D:3      | Found a radiant altar of Vehumet.
  2807 | D:3      | 2807 ||| Stepping ~*~*~tactically~*~*~ (hiding).
  2810 | D:3      | Reached XP level 5. HP: 20/32 MP: 5/5
  2833 | D:3      | HP: 2/32 [something/magic dart (9)]
  2834 | D:3      | Slain by an orc wizard

Levels and vault maps discovered:
D:1:      saegor_arrival_fortress, layout_basic
D:2:      layout_rooms, shapermc_ecumenical_altar_mp_vishouse
D:3:      layout_basic, vehumet_crystals, mainiacjoe_overflow_boulevard,
          grunt_ministairs_13

Skill      XL: |  1  2  3  4 |
---------------+-------------+-----
Axes           | 2 3 4 |  4.5
Fighting       | |  3.2
Armour         | |  3.2
Shields        | |  3.2

Action                   |  1- 3 |  4- 6 || total
-------------------------+-------+-------++-------
Melee: War axe           |   155 |    65 ||   220
  Use: Scroll            |     4 |     2 ||     6
       Potion            |       |     1 ||     1
Armor: Scale mail        |    78 |    39 ||   117
Dodge: Dodged            |    60 |    20 ||    80
Block: Buckler           |    26 |     6 ||    32

Table legend:
 A = Non-vault XP
 B = Vault XP
 C = Vault XP percentage of total XP
 D = Non-vault monster count
 E = Vault monster count
 F = Vault count percentage of total count
                 A         B        C        D         E       F
            +---------+---------+-------+---------+---------+-------
      Total |     153 |      14 |   8.4 |      66 |       2 |   2.9
            +---------+---------+-------+---------+---------+-------
        D:1 |      45 |       0 |   0.0 |      26 |       0 |   0.0
        D:2 |      42 |       0 |   0.0 |      25 |       0 |   0.0
        D:3 |      66 |      14 |  17.5 |      15 |       2 |  11.8
            +---------+---------+-------+---------+---------+-------
